 Dungeon Crawl Stone Soup version 0.26-a0-830-g2a559e7be2 (webtiles) character file.

Game seed: 13212026872590694305

54537 Morbidden the Reanimator (level 14, -1/104 HPs)
             Began as a Demonspawn Necromancer on Nov 15, 2020.
             Was the Champion of Cheibriados.
             Slain by a hell rat (7 damage)
             ... on level 6 of the Lair of Beasts.
             The game lasted 00:57:20 (27013 turns).

Morbidden the Reanimator (Demonspawn Necromancer)  Turns: 27013, Time: 00:57:20

Health: -1/104     AC: 13    Str: 34    XL:     14   Next: 35%
Magic:  37/37      EV: 20    Int: 35    God:    Cheibriados [******]
Gold:   1373       SH:  0    Dex: 28    Spells: 7/34 levels left

rFire    + . .     SeeInvis .   b - +3 triple sword (vamp)
rCold    . . .     Faith    .   (shield currently unavailable)
rNeg     . . .     Spirit   .   O - +0 steam dragon scales
rPois    .         Reflect  .   R - +1 hat
rElec    .         Harm     .   r - +2 cloak
rCorr    .         Rampage  .   t - +0 pair of gloves
MR       +....                  (no boots)
Stlth    +++.......             (no amulet)
HPRegen  0.27/turn              A - +6 ring of strength
MPRegen  0.25/turn              F - ring of magical power

@: flying, studying Long Blades, lightly drained, very slow
A: hooves 1, horns 2, fire resistance 1, powered by death 3, strong 1, rot
immunity, MP-powered wands, sharp scales 2
a: Bend Time, Temporal Distortion, Slouch, Step From Time, Renounce Religion


You were on level 6 of the Lair of Beasts.
You worshipped Cheibriados.
Cheibriados was exalted by your worship.
You visited 3 branches of the dungeon, and saw 20 of its levels.
You also visited: Bailey.

You collected 1373 gold pieces.

Inventory:

Hand Weapons
 b - a +3 vampiric triple sword (weapon)
 m - a +3 long sword
 I - a +0 broad axe
 J - a +0 war axe
Missiles
 e - 6 atropa-tipped darts
 k - 8 boomerangs
 N - 2 throwing nets
 Q - 31 poisoned darts (quivered)
Armour
 r - a +2 cloak (worn)
 t - a +0 pair of gloves (worn)
 D - a +1 robe of resistance
 O - +0 steam dragon scales (worn)
 R - a +1 hat (worn)
Magical Staves
 a - an uncursed staff of death
Jewellery
 f - an uncursed ring of fire
 j - an uncursed ring of positive energy
 p - an uncursed ring of see invisible
 A - a +6 ring of strength (left hand)
 C - a +6 ring of dexterity
 F - a ring of magical power (right hand)
 G - an uncursed ring of wizardry
 U - an uncursed ring of positive energy
Wands
 u - a wand of flame (49)
 v - a wand of iceblast (12)
 w - a wand of disintegration (10)
 B - a wand of paralysis (20)
 P - a wand of polymorph (16)
Scrolls
 g - 5 scrolls of teleportation
 i - 3 scrolls of magic mapping
 l - 6 scrolls of enchant armour
 o - 9 scrolls of remove curse
 x - 4 scrolls of fear
 y - 5 scrolls of amnesia {unknown}
 z - a scroll of vulnerability {unknown}
 H - 3 scrolls of noise
 K - 3 scrolls of identify
 M - a scroll of fog {unknown}
 T - a scroll of summoning {unknown}
Potions
 c - 2 potions of invisibility
 d - 7 potions of curing
 h - a potion of heal wounds
 n - 7 potions of brilliance
 s - 5 potions of lignification
 L - a potion of might
 S - 3 potions of magic {unknown}
 W - a potion of ambrosia
 X - a potion of mutation
 Z - a potion of berserk rage {unknown}
Books
 E - a manual of Long Blades
Miscellaneous
 V - a phantom mirror


   Skills:
 * Level 7.7(7.4) Fighting
 + Level 6.2(5.9) Long Blades
 * Level 5.1(4.8) Staves
   Level 6.8(6.6) Slings
 + Level 1.2(4.1) Throwing
 + Level 3.5(3.2) Armour
 * Level 8.1(7.9) Dodging
 + Level 4.4(4.1) Stealth
 + Level 0.6(0.4) Unarmed Combat
 * Level 10.5(10.1) Spellcasting
 * Level 4.0(3.8) Conjurations
 * Level 12.3(12.0) Necromancy
 * Level 1.5(1.2) Ice Magic
 * Level 4.8(4.6) Air Magic
 * Level 8.7(8.4) Invocations
 * Level 6.2(5.9) Evocations


You had 7 spell levels left.
You knew the following spells:

 Your Spells              Type           Power        Failure   Level
a - Static Discharge      Conj/Air       #####...     1%          3
b - Vampiric Draining     Necr           #######...   1%          3
c - Animate Dead          Necr           #######...   1%          4
d - Agony                 Necr           #######.     1%          5
e - Frozen Ramparts       Ice            ####..       4%          3
f - Pain                  Necr           ####         1%          1
g - Dispel Undead         Necr           #######.     1%          4
z - Airstrike             Air            ######....   3%          4

Your spell library contained the following spells:

 Spells                   Type           Power        Failure   Level
 Animate Skeleton         Necr           ######       1%          1
 Freeze                   Ice            ####         1%          1
 Shock                    Conj/Air       ####         1%          1
 Corpse Rot               Necr/Air       N/A          1%          2
 Sublimation of Blood     Necr           #######...   1%          2
 Swiftness                Air            ######..     1%          2
 Excruciating Wounds      Necr           #######...   1%          5
 Corona                   Hex            ###....      2%          1
 Ensorcelled Hibernation  Hex/Ice        ###...       2%          2
 Dazzling Flash           Conj/Hex       ####..       3%          3
 Ozocubu's Armour         Ice            ####....     4%          3
 Confusing Touch          Hex            ###.....     8%          3
 Tukima's Dance           Hex            ###.....     8%          3
 Hailstorm                Conj/Ice       #####...     9%          4
 Lightning Bolt           Conj/Air       #####.....   12%         5
 Summon Ice Beast         Ice/Summ       ###.....     19%         4


Dungeon Overview and Level Annotations

Branches:
Dungeon (13/15)            Temple (1/1) D:4            Lair (6/6) D:10
  Swamp (0/4) Lair:3        Snake (0/4) Lair:3        Slime (0/5) Lair:5
    Orc (0/2) D:12         Bailey (visited)
 Vaults: D:13-14

Altars:
Ashenzari
Cheibriados
Dithmenos
Elyvilon
Fedhas
Gozag
Hepliaklqana
Kikubaaqudgha
Makhleb
Nemelex Xobeh
Okawaru
Qazlal
Ru
Sif Muna
Trog
Uskayaw
Vehumet
Wu Jian
Xom
Yredelemnul
Zin
The Shining One

Shops:
D:10 *

Annotations:
D:2 1 runed translucent door, Crazy Yiuf
D:5 Edmund
D:10 Gastronok, Snorg
Lair:2 1 runed translucent door, Micerat's ghost, journeyman OpWz


Innate Abilities, Weirdness & Mutations

You have a pair of horns on your head.
Your flesh is heat resistant. (rF+)
You regenerate a lot of health from kills.
You are immune to rotting.
You are mostly covered in razor-sharp scales. (AC +2, Slay +2)
You have large cloven feet.
Your muscles are strong. (Str +2)
You expend magic power (3 MP) to strengthen your wands.


Message History

The hell rat misses you.
The hell rat bites you but does no damage.
The hell rat barely misses you. The hell rat bites you.
* * * LOW HITPOINT WARNING * * *
You feel drained.
* * * LOW HITPOINT WARNING * * *
The blink frog blinks!
A wolf comes into view.
Unknown command.
Unknown command.
Unknown command.
Unknown command.
Unknown command.
Unknown command.
Unknown command.
Unknown command.
Unknown command.
You feel very buoyant.
You fly up into the air.
The hell rat misses you. The hell rat bites you!
You die...

..........##
...........#
...........#
...........###
.h.........#.##
.......!......#
#.......h...## ##
#....rrr...##.##
##..l.@r..:#....
#....§.$........
#....##..........
#.....##F.........
....##.#....##....
............# .#..
....PP......##....
≈####...........#.P...
≈.P..≈.≈≈.......#.P.....


You could see a basilisk (fleeing), a blink frog (fleeing), 2 wolves and 4 hell
rats.

Vanquished Creatures
  Rupert (D:12)
  2 hydras (Lair:4)
  3 death yaks (Lair:3)
  2 two-headed ogres
  Nergalle (D:11)
  2 unseen horrors (D:12)
  2 bog bodies (Lair:3)
  Pikel (D:5)
  3 orc knights (Bailey)
  2 deep elf magi (D:12)
  3 ugly things
  2 manticores (D:12)
  2 guardian serpents (D:9)
  9 elephants
  2 black mambas
  A gargoyle (D:10)
  A centaur skeleton (D:12)
  18 cane toads
  2 kobold demonologists (Bailey)
  2 rime drakes
  A redback zombie (D:11)
  A freezing wraith (D:12)
  9 komodo dragons
  2 trolls
  Grinder (D:5)
  15 blink frogs
  2 polar bears
  A tyrant leech (Lair:6)
  2 slime creatures (Lair:5)
  Sigmund (D:6)
  A wraith (D:12)
  42 yaks
  5 wyverns
  3 basilisks
  2 humans (D:9)
  4 steam dragons
  Grum (Lair:1)
  5 vampire mosquitoes
  Menkaure (D:4)
  4 nagas (Lair:3)
  An acid dragon (D:12)
  16 water moccasins
  19 orc warriors
  A phantom (D:9)
  An eye of draining (D:11)
  7 ogres
  A black bear (Lair:5)
  4 ice beasts
  6 centaurs
  2 necrophages
  9 wolves
  A lemure (D:4)
  29 bullfrogs
  5 scorpions
  16 killer bees
  2 water moccasin skeletons
  13 wights
  3 howler monkeys
  7 electric eels
  5 centaur zombies
  A bullfrog zombie (D:11)
  6 hounds
  2 bullfrog skeletons
  7 jellies
  11 orc wizards
  9 orc priests
  Jessica (D:2)
  Natasha (thrice) (D:2)
  6 iguanas
  10 worker ants
  Terence (D:3)
  5 hell rats (Lair:1)
  A bullfrog simulacrum (D:8)
  A hound skeleton (D:11)
  A mummy (D:7)
  Robin (D:3)
  11 gnolls
  2 howler monkey skeletons
  12 adders
  A hound simulacrum (D:8)
  4 white imps
  3 ufetubi
  An ooze (D:4)
  2 adder skeletons
  An adder zombie (D:5)
  4 worms
  A dart slug (D:1)
  2 adder simulacra (D:8)
  7 leopard geckos
  78 orcs
  A ball python (D:3)
  12 bats
  13 giant cockroaches
  19 goblins
  20 hobgoblins
  13 jackals
  4 kobolds
  4 quokkas
  A frilled lizard (D:2)
  A leopard gecko zombie (D:7)
  A quokka simulacrum (D:8)
  A quokka skeleton (D:6)
  A quokka zombie (D:6)
  9 rats
607 creatures vanquished.

Vanquished Creatures (others)
  A bush (D:10)
  29 fungi
  100 plants
130 creatures vanquished.

Grand Total: 737 creatures vanquished

Notes
Turn   | Place    | Note
-------+----------+-------------------------------------------
     0 | D:1      | Morbidden the Demonspawn Necromancer began the quest for
                  | the Orb.
     0 | D:1      | Reached XP level 1. HP: 13/13 MP: 3/3
   401 | D:1      | Reached skill level 1 in Fighting
   778 | D:1      | Gained mutation: You have a pair of small horns on your
                  | head. [demonic ancestry]
   778 | D:1      | Reached XP level 2. HP: 21/21 MP: 5/5
  1444 | D:1      | Gained mutation: You have a pair of horns on your head.
                  | [demonic ancestry]
  1444 | D:1      | Reached XP level 3. HP: 26/26 MP: 6/6
  1911 | D:2      | Found a glowing golden altar of the Shining One.
  1912 | D:2      | Found a white marble altar of Elyvilon.
  1917 | D:2      | Learned a level 3 spell: Vampiric Draining
  2636 | D:2      | Reached skill level 1 in Slings
  2756 | D:2      | Reached XP level 4. HP: 25/32 MP: 4/7
  2878 | D:2      | Reached skill level 5 in Necromancy
  2964 | D:2      | Noticed Jessica
  2972 | D:2      | Killed Jessica
  3100 | D:2      | Noticed Natasha
  3103 | D:2      | Killed Natasha
  3336 | D:2      | Found a runed translucent door.
  3337 | D:2      | Noticed Crazy Yiuf
  3896 | D:2      | Found a runed translucent door.
  4141 | D:2      | Noticed Natasha
  4201 | D:2      | Killed Natasha
  4202 | D:2      | Gained mutation: You are partially covered in razor-sharp
                  | scales. (AC +1, Slay +1) [demonic ancestry]
  4202 | D:2      | Reached XP level 5. HP: 37/37 MP: 1/9
  4273 | D:2      | Found a glowing golden altar of the Shining One.
  4274 | D:2      | Found a white marble altar of Elyvilon.
  4488 | D:2      | Noticed Natasha
  4497 | D:2      | Killed Natasha
  4734 | D:3      | Noticed Robin
  5354 | D:3      | Killed Robin
  5509 | D:3      | Gained mutation: You regenerate a little health from kills.
                  | [demonic ancestry]
  5509 | D:3      | Reached XP level 6. HP: 44/44 MP: 11/11
  5770 | D:3      | Noticed Terence
  5776 | D:3      | Killed Terence
  6066 | D:3      | You fall into a shaft and drop 3 floors!
  6074 | D:5      | Entered Level 5 of the Dungeon
  6111 | D:5      | Noticed Grinder
  6235 | D:4      | Got a heavily runed plate armour
  6239 | D:4      | Noticed Menkaure
  6244 | D:4      | Killed Menkaure
  6565 | D:4      | Found a staircase to the Ecumenical Temple.
  6575 | Temple   | Entered the Ecumenical Temple
  6739 | D:4      | Reached skill level 1 in Armour
  6739 | D:4      | Reached skill level 6 in Necromancy
  6739 | D:4      | Gained mutation: You regenerate health from kills. [demonic
                  | ancestry]
  6739 | D:4      | Reached XP level 7. HP: 26/50 MP: 0/12
  7994 | D:4      | Identified the +8 plate armour "Ravalest" {rPois Str-3
                  | Stlth+} (You found it on level 4 of the Dungeon)
  8418 | D:5      | Noticed Edmund
  8613 | D:5      | Killed Grinder
  8614 | D:5      | Reached XP level 8. HP: 55/57 MP: 14/14
  8694 | D:5      | Noticed Pikel
  8712 | D:5      | Killed Pikel
  9235 | D:6      | Noticed Sigmund
  9307 | D:6      | Found an ornate altar of the Wu Jian Council.
  9375 | D:6      | Reached skill level 5 in Slings
  9671 | D:6      | Reached XP level 9. HP: 54/63 MP: 16/16
  9921 | D:6      | Reached skill level 7 in Necromancy
  9958 | D:6      | Killed Sigmund
  9959 | D:6      | Reached skill level 5 in Spellcasting
 11359 | D:7      | Found a shimmering altar of Xom.
 11532 | D:7      | Found a snail-covered altar of Cheibriados.
 11540 | D:7      | Became a worshipper of Cheibriados the Contemplative
 11804 | D:8      | Found a flagged portal.
 11906 | D:8      | Reached skill level 1 in Invocations
 12091 | Bailey   | Entered a bailey
 12124 | Bailey   | Reached * piety under Cheibriados
 12401 | Bailey   | Found an iron altar of Okawaru.
 12401 | Bailey   | Noticed a kobold demonologist
 12417 | Bailey   | Noticed a kobold demonologist
 12599 | Bailey   | Killed a kobold demonologist
 12600 | Bailey   | Reached skill level 8 in Necromancy
 12731 | Bailey   | Noticed a red devil
 12731 | Bailey   | Killed a kobold demonologist
 12732 | Bailey   | Gained mutation: You are mostly covered in razor-sharp
                  | scales. (AC +2, Slay +2) [demonic ancestry]
 12732 | Bailey   | Reached XP level 10. HP: 72/72 MP: 17/18
 12800 | Bailey   | Identified the cursed +0 ring mail of Tenacity {rElec}
 12925 | Bailey   | Noticed an orc knight
 12940 | Bailey   | Killed an orc knight
 13437 | Bailey   | Reached skill level 5 in Fighting
 13515 | Bailey   | Reached skill level 5 in Dodging
 13604 | Bailey   | Noticed an orc knight
 13631 | Bailey   | Killed an orc knight
 13695 | Bailey   | Reached ** piety under Cheibriados
 13714 | Bailey   | Gained mutation: You are frail. (-10% HP) [mutagenic glow]
 13729 | Bailey   | Reached skill level 9 in Necromancy
 13734 | Bailey   | Gained mutation: You have large cloven feet. [mutagenic
                  | glow]
 13762 | Bailey   | Learned a level 4 spell: Animate Dead
 13818 | Bailey   | Reached skill level 1 in Throwing
 13851 | Bailey   | Noticed an orc knight
 13993 | Bailey   | Acquired an uncursed staff of death
 14002 | Bailey   | Learned a level 5 spell: Agony
 14039 | Bailey   | Killed an orc knight
 14579 | D:8      | Reached skill level 1 in Evocations
 14601 | D:8      | Found an opulent altar of Gozag.
 14770 | D:8      | Found a shimmering blue altar of Sif Muna.
 15083 | D:8      | Reached *** piety under Cheibriados
 15575 | D:9      | Found an iron altar of Okawaru.
 15721 | D:9      | Gained mutation: You are immune to rotting. [demonic
                  | ancestry]
 15721 | D:9      | Reached XP level 11. HP: 71/71 MP: 21/21
 15894 | D:9      | Reached skill level 1 in Staves
 16027 | D:9      | Noticed a two-headed ogre
 16033 | D:9      | Killed a two-headed ogre
 16047 | D:9      | Reached skill level 5 in Invocations
 16060 | D:9      | Reached **** piety under Cheibriados
 16130 | D:9      | Reached skill level 10 in Necromancy
 16813 | D:9      | Found a stormy altar of Qazlal.
 16980 | D:9      | Reached ***** piety under Cheibriados
 17253 | D:10     | Entered Level 10 of the Dungeon
 17875 | D:10     | Lost mutation: You are frail. (-10% HP) [potion of
                  | mutation]
 17875 | D:10     | Gained mutation: You expend magic power (3 MP) to
                  | strengthen your wands. [potion of mutation]
 17875 | D:10     | Gained mutation: Your muscles are strong. (Str +2) [potion
                  | of mutation]
 17916 | D:10     | Noticed Gastronok
 18209 | D:10     | Learned a level 4 spell: Airstrike
 18228 | D:10     | Learned a level 3 spell: Static Discharge
 18453 | D:10     | Found a staircase to the Lair.
 18510 | D:10     | Reached skill level 1 in Conjurations
 18726 | D:10     | Found Bahec's General Store.
 18847 | D:10     | Noticed Snorg
 18929 | D:11     | Reached skill level 1 in Air Magic
 18972 | D:11     | Reached XP level 12. HP: 76/88 MP: 24/24
 18992 | D:11     | Reached skill level 11 in Necromancy
 19284 | D:11     | Noticed Nergalle
 19291 | D:11     | Killed Nergalle
 19298 | D:11     | Reached ****** piety under Cheibriados
 20552 | D:12     | Noticed a two-headed ogre
 20571 | D:11     | Killed a two-headed ogre
 20962 | D:12     | Noticed Rupert
 20978 | D:12     | Killed Rupert
 21374 | D:12     | Reached skill level 5 in Evocations
 21386 | D:12     | Got an ancient robe
 21387 | D:12     | Identified the cursed +0 robe "Elucutt" {rElec Str+2 SInv
                  | Stlth-} (You found it on level 12 of the Dungeon)
 21718 | D:12     | Gained mutation: Your flesh is heat resistant. (rF+)
                  | [demonic ancestry]
 21718 | D:12     | Reached XP level 13. HP: 90/95 MP: 26/26
 21846 | D:12     | Found a staircase to the Orcish Mines.
 22240 | D:13     | Acquired a +1 vampiric triple sword
 22330 | Lair:1   | Entered Level 1 of the Lair of Beasts
 22493 | Lair:1   | Reached skill level 1 in Long Blades
 22654 | Lair:1   | Noticed Grum
 22663 | Lair:1   | Killed Grum
 23080 | Lair:1   | Reached skill level 12 in Necromancy
 23402 | Lair:2   | Found a runed translucent door.
 23403 | Lair:2   | Noticed Micerat's ghost (journeyman OpWz)
 23439 | Lair:2   | Acquired a book of Death
 23446 | Lair:2   | Learned a level 4 spell: Dispel Undead
 24106 | Lair:3   | Found a staircase to the Snake Pit.
 24125 | Lair:3   | HP: 4/95 [death yak (10)]
 24411 | Lair:3   | Reached skill level 10 in Spellcasting
 24562 | Lair:3   | Found a staircase to the Swamp.
 26166 | Lair:5   | Found a staircase to the Slime Pits.
 26276 | Lair:5   | Gained mutation: You regenerate a lot of health from kills.
                  | [demonic ancestry]
 26276 | Lair:5   | Reached XP level 14. HP: 103/103 MP: 28/28
 26401 | Lair:5   | Reached skill level 5 in Long Blades
 26543 | Lair:5   | Learned a level 3 spell: Frozen Ramparts
 26550 | Lair:6   | Entered Level 6 of the Lair of Beasts
 26664 | Lair:6   | Reached skill level 1 in Ice Magic
 26709 | Lair:6   | Reached skill level 5 in Staves
 27013 | Lair:6   | Slain by a hell rat

Illustrated notes

Levels and vault maps discovered:
D:1:      giann_forest_graveyard, layout_basic, minmay_misc_feat_pillars,
          st_stairs_7
D:2:      layout_loops_corners, gammafunk_temple_overflow_pools, serial_glass,
          glass_columns_b, glass_columns_c, due_unseen_surprise,
          uniq_crazy_yiuf_cottage, uniq_jessica, uniq_natasha
D:3:      layout_loops_corners, kennysheep_potato, uniq_terence, uniq_robin
D:4:      layout_basic, minmay_temple_entry_drinking_statues, uniq_menkaure
D:5:      layout_loops_ring, kennysheep_opposing_triangles, uniq_edmund,
          uniq_grinder, uniq_pikel
D:6:      layout_basic, kennysheep_mini, minmay_manual_mandibuliform,
          uniq_sigmund
D:7:      layout_loops_ring, slow_altar_1, basic_altar
D:8:      layout_rooms, lemuel_coloured_pillars_altar, serial_ice, serial_ice_n,
          serial_ice_o, serial_ice_d, serial_ice_k, basic_altar, enter_bailey_6,
          nrook_mini_vaults
D:9:      nrook_guardian_serpent_snake_passage, layout_basic, okawaru_humans,
          nicolae_qazlal_eye_of_the_storm
D:10:     layout_roguey [special_room_orc], minmay_lair_entry_grove,
          serial_shops, shop, nrook_uturn, uniq_gastronok, uniq_snorg
D:11:     layout_irregular_city, eino_small_chamber_without_monster,
          serial_park_tiny_2, uniq_nergalle
D:12:     minmay_blocky_corners, layout_basic, hiddenorc1_lemuel, uniq_rupert
D:13:     layout_irregular_city
Temple:   eino_wide_crystal_templ
Lair:1:   layout_chaotic_city, uniq_grum
Lair:2:   layout_regular_city, hellmonk_ghost_happy_afterlife
Lair:3:   layout_concentric_octagons, skrybe_swamp_entry_bodies,
          minmay_snake_entry_guardpost_small, st_stairs_3
Lair:4:   layout_big_grid
Lair:5:   layout_loops_ring, minmay_slime_entry_pillars, lemuel_fruit_tree
Lair:6:   minmay_lair_end_frog_pond, layout_layer_cave

Skill      XL: |  1  2  3  4  5  6  7  8  9 10 11 12 13 14 |
---------------+-------------------------------------------+-----
Fighting       | 1 2 3 4 5 6 7 |  7.7
Slings         | 1 2 3 4 5 6 |  6.8
Necromancy     | 5 6 8 9 10 11 12 | 12.3
Spellcasting   | 3 4 5 7 8 9 10 | 10.5
Dodging        | 2 3 4 5 6 7 8 |  8.1
Armour         | 1 2 3 |  3.5
Stealth        | 2 3 4 |  4.4
Invocations    | 2 4 6 7 8 |  8.7
Throwing       | 1 |  1.2
Evocations     | 1 3 5 6 |  6.2
Staves         | 2 3 4 5 |  5.1
Conjurations   | 1 3 4 |  4.0
Air Magic      | 1 2 4 |  4.8
Long Blades    | 4 6 |  6.2
Ice Magic      | 1 |  1.5
Unarmed Combat | |  0.6

Action                   |  1- 3 |  4- 6 |  7- 9 | 10-12 | 13-15 || total
-------------------------+-------+-------+-------+-------+-------++-------
Melee: Unarmed           |    14 |       |    24 |       |       ||    38
       Headbutt          |       |       |     6 |   136 |   146 ||   288
       Staff             |       |       |       |   378 |    42 ||   420
       Kick              |       |       |       |   228 |   197 ||   425
       Punch             |       |       |       |     6 |       ||     6
       Triple sword      |       |       |       |       |   150 ||   150
 Fire: Hunting sling     |    80 |   193 |   481 |   175 |       ||   929
Throw: Boomerang         |       |       |     3 |       |       ||     3
       Dart              |       |       |     6 |    20 |     8 ||    34
 Cast: Pain              |    48 |    18 |    18 |    23 |       ||   107
       Vampiric Draining |       |    20 |    65 |   225 |    17 ||   327
       Animate Dead      |       |       |       |     1 |       ||     1
       Agony             |       |       |       |     1 |       ||     1
       Static Discharge  |       |       |       |    24 |    36 ||    60
       Airstrike         |       |       |       |     3 |    13 ||    16
       Dispel Undead     |       |       |       |       |     3 ||     3
       Frozen Ramparts   |       |       |       |       |     1 ||     1
Evoke: Wand              |       |     5 |     7 |     6 |     6 ||    24
  Use: Scroll            |     2 |     1 |     8 |     8 |    13 ||    32
       Potion            |       |       |       |    12 |     2 ||    14
 Stab: Paralysed         |       |       |    18 |       |       ||    18
       Sleeping          |       |       |       |     3 |     7 ||    10
       Distracted        |       |       |       |     1 |     2 ||     3
Armor: Robe              |    12 |    29 |    77 |    37 |       ||   155
       Leather armour    |       |       |       |     9 |       ||     9
       Steam dragon scal |       |       |       |   158 |   128 ||   286
       Skin              |       |       |       |     7 |       ||     7
Dodge: Dodged            |    36 |    66 |   240 |   680 |   485 ||  1507
       Rpst.: Triple sword |       |       |       |       |   125 ||   125

Table legend: (Time is in decaauts)
 A = Elapsed time spent in this place.
 B = Non-inter-level travel time spent in this place.
 C = Inter-level travel time spent in this place.
 D = Time resting spent in this place.
 E = Time spent auto-exploring this place.
 F = Levels seen in this place.
 G = Mean time per level.
                   A        B        C        D        E       F      G
               +--------+--------+--------+--------+--------+-----+--------+
         Total |  32782 |  31766 |   1016 |   3179 |  22683 |  21 | 1561.0 |
       Dungeon |  23196 |  22382 |    814 |   2026 |  16446 |  13 | 1784.3 |
        Temple |     50 |     43 |      7 |      0 |     42 |   1 |   50.0 |
          Lair |   7271 |   7077 |    194 |    201 |   5893 |   6 | 1211.8 |
        Bailey |   2264 |   2264 |      0 |    952 |    301 |   1 | 2264.0 |
               +--------+--------+--------+--------+--------+-----+--------+

Top non-repeatable levels by time:
     D:2: 3062 daAuts
    D:10: 2467 daAuts
     D:9: 2281 daAuts
  Bailey: 2264 daAuts
    D:11: 2233 daAuts
     D:8: 2049 daAuts
     D:1: 1801 daAuts
    D:12: 1774 daAuts
     D:6: 1755 daAuts
     D:4: 1572 daAuts
  Lair:3: 1550 daAuts
  Lair:1: 1529 daAuts
  Lair:2: 1382 daAuts
     D:5: 1372 daAuts
     D:3: 1342 daAuts
